 Dungeon Crawl Stone Soup version 0.27-a0-1497-gf8f22f7 (webtiles) character file.

Game seed: 13046306164525765994

2455 Illumine the Spear-Bearer (level 9, -5/69 HPs)
             Began as a Merfolk Gladiator on June 24, 2021.
             Slain by a sixfirhy (11 damage)
             ... led by a cacodemon
             ... on level 1 of the Abyss on July 6, 2021.
             The game lasted 00:13:36 (9555 turns).

Illumine the Spear-Bearer (Merfolk Gladiator)       Turns: 9555, Time: 00:13:37

Health: -5/69      AC:  9    Str: 19    XL:     9   Next: 50%
Magic:  13/13      EV: 13    Int: 15    God:
Gold:   273        SH:  0    Dex: 15    Spells: 9/14 levels left

rFire    + . .     SeeInvis +   C - +0 spear (vamp)
rCold    + . .     Faith    .   (no shield)
rNeg     . . .     Spirit   .   x - +1 scale mail of Weish {*Slow rPois Str+3}
rPois    +         Reflect  .   c - +0 helmet
rElec    .         Harm     .   H - scarf {rC+ rF+}
rCorr    .         Rampage  .   (no gloves)
Will     .....                  D - +0 pair of boots
Stlth    ..........             (no amulet)
HPRegen  0.21/turn              v - +6 ring of intelligence
MPRegen  0.13/turn              t - ring of see invisible

@: about to teleport, studying 2 skills
A: (nimble swimmer 2), mertail
a: no special abilities


You were on level 1 of the Abyss.
You visited 1 branch of the dungeon, and saw 7 of its levels.
You visited the Abyss 1 time.
You also visited: Sewer.

You collected 273 gold pieces.

Inventory:

Hand Weapons
 a - a +0 trident
 u - a +1 spectral quarterstaff
 C - a +0 vampiric spear (weapon)
Missiles
 r - 11 poisoned darts (quivered)
 y - 14 bolts
Armour
 b - a +0 leather armour
 c - a +0 helmet (worn)
 x - the +1 scale mail of Weish (worn) {*Slow rPois Str+3}
   (You found it on level 5 of the Dungeon)

   Str:       It affects your strength (+3).
   rPois:     It protects you from poison.
   *Slow:     It may slow you when you take damage.
 D - a +0 pair of boots (worn)
 G - a +0 buckler
 H - a scarf of resistance (worn)
Jewellery
 n - a ring of magical power
 t - a ring of see invisible (right hand)
 v - a +6 ring of intelligence (left hand)
Wands
 m - a wand of paralysis (13)
 o - a wand of mindburst (17)
 s - a wand of iceblast (20)
Scrolls
 e - 2 scrolls of blinking {unknown}
 f - 3 scrolls of noise {unknown}
 g - 3 scrolls of fear {unknown}
 h - 9 scrolls of identify {unknown}
 i - 2 scrolls of enchant armour {unknown}
 j - a scroll of acquirement {unknown}
 k - 3 scrolls of teleportation
 p - a scroll of silence {unknown}
 q - 2 scrolls of brand weapon {unknown}
 z - 2 scrolls of magic mapping {unknown}
 E - a scroll of enchant weapon {unknown}
 F - a scroll of vulnerability {unknown}
Potions
 d - 2 potions of brilliance {unknown}
 l - a potion of attraction {unknown}
 w - a potion of curing {unknown}
 A - 2 potions of magic {unknown}
 B - a potion of might {unknown}


   Skills:
 + Level 6.2 Fighting
 * Level 11.1 Polearms
 - Level 2.0 Throwing
 + Level 2.1 Armour
 + Level 7.7 Dodging
 + Level 0.3 Shields
 + Level 3.2 Spellcasting
 + Level 4.4 Necromancy
 + Level 2.4 Earth Magic


You had 9 spell levels left.
You knew the following spells:

 Your Spells              Type           Power      Damage    Failure   Level
a - Borgnjor's Vile Clut  Necr/Erth      6%         N/A       98%         5

Your spell library contained the following spells:

 Spells                   Type           Power      Damage    Failure   Level
 Animate Dead             Necr           7%         N/A       67%         4
 Death Channel            Necr           7%         N/A       100%        6
 Simulacrum               Ice/Necr       4%         N/A       100%        6


Dungeon Overview and Level Annotations

Branches:
Dungeon (7/15)              Sewer (visited)
 Temple: D:4-7

Altars:
Ashenzari
Nemelex Xobeh
Ru
Sif Muna
Uskayaw

Shops:
D:5 ?

Annotations:
D:3 2 transporters, ObiWadeKenobi's ghost, amateur SpAr


Innate Abilities, Weirdness & Mutations

((You are quick and stealthy near water. (Stealth+, EV+, Speed+++)))
Your lower body shifts to a powerful aquatic tail in water.


Message History

You see here a +2 spear of venom.
The ufetubus hits you but does no damage. x2
The ufetubus barely misses you. The ufetubus closely misses you.
You miss the ufetubus. You barely miss the ufetubus.
The ufetubus closely misses you. The ufetubus barely misses you.
You hit the ufetubus but do no damage. The ufetubus closely misses you.
The ufetubus barely misses you.
You miss the ufetubus. The ufetubus closely misses you.
The ufetubus completely misses you.
You miss the ufetubus.
The ufetubus hits you but does no damage. x2
You closely miss the ufetubus. You closely miss the ufetubus.
The ufetubus closely misses you. The ufetubus hits you.
You hit the ufetubus.
The ufetubus is severely wounded.
The ufetubus barely misses you. The ufetubus misses you.
You closely miss the ufetubus.
The ufetubus is severely wounded.
The ufetubus closely misses you.
The ufetubus hits you but does no damage.
You hit the ufetubus.
You kill the ufetubus!
Found a glowing scarf.
A sixfirhy comes into view.
You puncture the sixfirhy!
The sixfirhy is lightly wounded.
The sixfirhy misses you.
As you read the scroll of teleportation, it crumbles to dust.
You feel strangely unstable.
You feel the power of the Abyss delaying your translocation!
The sixfirhy hits you but does no damage.
The sixfirhy hits you. The sixfirhy shocks you! The sixfirhy hits you.
The sixfirhy shocks you! The sixfirhy hits you. The sixfirhy shocks you!
* * * LOW HITPOINT WARNING * * *
The sixfirhy hits you!
* * * LOW HITPOINT WARNING * * *
The sixfirhy shocks you!
You die...

. ..#... #...#). .
... #..§##.# #.
##.## #[
##..###.##.# . .
#.#...#.....# # .
.#. §..§##...#..#
#.# .## .
§......##.###..####
.. .#..###.#####.##
....#.§3#.....#
#.....@...#.#..#
....####.### .#.#
#.. ..# #.#.# #
.#.. .. # .#.##
#...# .. # .#.# ##
#.


You could see a sixfirhy.

Vanquished Creatures
  2 water moccasins
  An orc warrior (D:6)
  A hornet zombie (D:6)
  3 sky beasts
  A necrophage (D:4)
  2 ogres
  2 phantoms (D:6)
  2 scorpions (D:6)
  A gnoll sergeant (D:7)
  2 water moccasin skeletons (D:5)
  3 howler monkeys (D:7)
  3 centaur zombies
  A bullfrog zombie (D:5)
  2 bullfrog skeletons
  4 hounds
  A centaur skeleton (D:6)
  An iguana (D:5)
  11 orc wizards
  A hound skeleton (D:4)
  7 gnolls
  A howler monkey zombie (D:6)
  6 river rats (Sewer)
  9 adders
  A shadow imp (D:6)
  An ufetubus (Abyss:1)
  2 adder skeletons (D:4)
  3 dart slugs (D:4)
  20 orcs
  9 endoplasms
  5 giant cockroaches
  4 goblins
  6 hobgoblins
  10 jackals
  2 quokkas
  5 ball pythons
  5 bats
  11 frilled lizards
  10 kobolds
  9 rats
170 creatures vanquished.

Vanquished Creatures (others)
  6 plants (D:3)
6 creatures vanquished.

Grand Total: 176 creatures vanquished

Notes
Turn   | Place    | Note
-------+----------+-------------------------------------------
     0 | D:1      | Illumine the Merfolk Gladiator began the quest for the Orb.
     0 | D:1      | Reached XP level 1. HP: 16/16 MP: 1/1
   473 | D:1      | Reached XP level 2. HP: 21/23 MP: 2/2
   552 | D:1      | Reached skill level 5 in Polearms
  1028 | D:2      | Reached XP level 3. HP: 24/28 MP: 3/3
  1640 | D:1      | Reached XP level 4. HP: 9/34 MP: 4/4
  2142 | D:2      | Reached skill level 6 in Polearms
  2843 | D:3      | Reached skill level 5 in Dodging
  2901 | D:3      | Reached XP level 5. HP: 40/41 MP: 5/5
  3187 | D:3      | Noticed ObiWadeKenobi's ghost (amateur SpAr)
  3952 | D:3      | Found a transporter.
  3956 | D:3      | Found a transporter.
  4051 | D:4      | Reached skill level 7 in Polearms
  4059 | D:4      | Noticed a necrophage
  4070 | D:4      | Killed a necrophage
  4071 | D:4      | Reached XP level 6. HP: 18/48 MP: 6/6
  4376 | D:4      | Found a sparkling altar of Nemelex Xobeh.
  4382 | D:4      | Found a shimmering blue altar of Sif Muna.
  4382 | D:4      | Found a broken altar of Ashenzari.
  4383 | D:4      | Found a hide-covered altar of Uskayaw.
  4384 | D:4      | Found a sacrificial altar of Ru.
  5045 | D:4      | Reached skill level 8 in Polearms
  5113 | D:4      | Reached XP level 7. HP: 54/54 MP: 7/7
  5296 | D:5      | Entered Level 5 of the Dungeon
  5324 | D:5      | Reached skill level 1 in Necromancy
  5392 | D:5      | Reached skill level 1 in Spellcasting
  5627 | D:5      | Reached skill level 9 in Polearms
  5770 | D:5      | Learned a level 5 spell: Borgnjor's Vile Clutch
  6080 | D:5      | Found Niduavo's Magic Scroll Shop.
  6090 | D:5      | Reached XP level 8. HP: 47/61 MP: 10/10
  6370 | D:5      | Identified the +1 scale mail of Weish {*Slow rPois Str+3}
  6413 | D:6      | Found a glowing drain.
  6428 | Sewer    | Entered a sewer
  7061 | D:6      | Reached skill level 5 in Fighting
  7147 | D:6      | Reached skill level 1 in Earth Magic
  7247 | D:6      | Reached skill level 1 in Armour
  7323 | D:6      | Reached skill level 10 in Polearms
  7880 | D:6      | Reached XP level 9. HP: 58/68 MP: 12/12
  8416 | D:7      | Upgraded the game from 0.27-a0-1325-g58a489a to
                  | 0.27-a0-1497-gf8f22f7
  8586 | D:6      | Reached skill level 11 in Polearms
  9473 | D:7      | Cast into level 1 of the Abyss (orc warrior)
  9547 | Abyss:1  | Noticed a sixfirhy
  9555 | Abyss:1  | Slain by a sixfirhy

Illustrated notes

Levels and vault maps discovered:
D:1:      erik_arrival_triangle_large, layout_basic
D:2:      layout_loops_corners
D:3:      layout_loops_corners, gammafunk_ghost_gnarly_gnolls
D:4:      layout_gridville, minitemple, amcnicky_mini_pool_small,
          minmay_manual_monstrance
D:5:      layout_loops_cross, serial_shops, nicolae_stop_n_shop_1
D:6:      layout_gridville, portal_sewer_entry_a
D:7:      layout_basic, minmay_temple_entry_glassed_door
Abyss:1:  base:
D:5

Skill      XL: |  1  2  3  4  5  6  7  8  9 |
---------------+----------------------------+-----
Polearms       | 5 6 7 8 9 10 11 | 11.1
Fighting       | 3 4 5 6 |  6.2
Dodging        | 5 6 7 |  7.7
Necromancy     | 2 3 4 |  4.4
Spellcasting   | 1 2 3 |  3.2
Earth Magic    | 1 2 |  2.4
Armour         | 1 2 |  2.1
Throwing       | |  2.0
Shields        | |  0.3

Action                   |  1- 3 |  4- 6 |  7- 9 || total
-------------------------+-------+-------+-------++-------
Melee: Trident           |   107 |   238 |   142 ||   487
       Tailslap          |       |     1 |     1 ||     2
       Spear             |       |       |   506 ||   506
Throw: Throwing net      |       |     6 |     7 ||    13
Evoke: Wand              |       |     1 |       ||     1
  Use: Scroll            |       |       |     2 ||     2
 Stab: Paralysed         |       |     2 |       ||     2
       Held in net/web   |       |     2 |     2 ||     4
       Sleeping          |       |     1 |     1 ||     2
Armor: Leather armour    |    35 |    41 |     9 ||    85
       Scale mail        |       |       |   142 ||   142
Dodge: Dodged            |    64 |   119 |   251 ||   434

Table legend: (Time is in decaauts)
 A = Elapsed time spent in this place.
 B = Non-inter-level travel time spent in this place.
 C = Inter-level travel time spent in this place.
 D = Time resting spent in this place.
 E = Time spent auto-exploring this place.
 F = Levels seen in this place.
 G = Mean time per level.
                   A        B        C        D        E       F      G
               +--------+--------+--------+--------+--------+-----+--------+
         Total |   9253 |   8916 |    337 |   2260 |   5012 |   9 | 1028.1 |
       Dungeon |   8713 |   8376 |    337 |   2260 |   4678 |   7 | 1244.7 |
         Abyss |     76 |     76 |      0 |      0 |      0 |   1 |   76.0 |
         Sewer |    463 |    463 |      0 |      0 |    334 |   1 |  463.0 |
               +--------+--------+--------+--------+--------+-----+--------+

Top non-repeatable levels by time:
     D:6: 1586 daAuts
     D:1: 1495 daAuts
     D:3: 1432 daAuts
     D:4: 1326 daAuts
     D:2: 1096 daAuts
     D:5: 1011 daAuts
     D:7: 763 daAuts
   Sewer: 463 daAuts
 Abyss:1: 76 daAuts
